 Dungeon Crawl Stone Soup version 0.28.0-53-g5a82cb258f (webtiles) character file.

Game seed: 9330363415000608041

9884 H0rd4k the Basher (level 11, -32/83 HPs)
             Began as a Human Artificer on July 5, 2022.
             Was an Initiate of Gozag.
             Annihilated by an entropy weaver simulacrum (37 damage)
             ... in an ice cave.
             The game lasted 00:19:47 (12848 turns).

H0rd4k the Basher (Human Artificer)                Turns: 12848, Time: 00:19:49

Health: -32/83     AC: 19    Str: 22    XL:     11   Next: 82%
Magic:  0/21       EV: 16    Int: 21    God:    Gozag
Gold:   1426       SH:  0    Dex: 19    Spells: 17/23 levels left

rFire   + + .      SeeInvis .   D - +6 flail of a Thousand Knaves {protect, rF++ Dex+2}
rCold   . . .      Faith    .   (no shield)
rNeg    . . .      Spirit   +   r - +4 robe of Augmentation {Str+4 Int+4 Dex+4}
rPois   .          Reflect  .   y - +2 hat
rElec   .          Harm     .   O - scarf {repulsion}
rCorr   .          Rampage  .   (no gloves)
Will    .....                   (no boots)
Stlth   ++........              B - amulet of guardian spirit
HPRegen 0.23/turn               o - +6 ring of strength
MPRegen 0.17/turn               J - +4 ring of protection

@: gold aura, under a protective aura, repel missiles
A: no striking features
a: Renounce Religion, Potion Petition, Call Merchant, Bribe Branch


You were in an ice cave.
You worshipped Gozag.
Gozag was most pleased with you.
You visited 2 branches of the dungeon, and saw 12 of its levels.
You also visited: Bailey and Ice Cave.

You collected 1495 gold pieces.
You paid 69 gold pieces to Gozag.

Inventory:

Hand Weapons
 a - a +0 club
 b - a +0 short sword of electrocution
 p - a +2 short sword of venom
 D - the +6 flail of a Thousand Knaves (weapon) {protect, rF++ Dex+2}
   (You found it on level 7 of the Dungeon)

   It grants its wielder temporary protection when it strikes (+7 to AC).
   Dex:       It affects your dexterity (+2).
   rF:        It greatly protects you from fire.
Missiles
 h - 5 boomerangs of dispersal
Armour
 r - the +4 robe of Augmentation (worn) {Str+4 Int+4 Dex+4}
   (You found it on level 3 of the Dungeon)

   Str:       It affects your strength (+4).
   Int:       It affects your intelligence (+4).
   Dex:       It affects your dexterity (+4).
 y - a +2 hat (worn)
 C - the +1 robe of Iczago {Will+}
   (You found it on level 5 of the Dungeon)

   Will:      It increases your willpower.
 O - a scarf of repulsion (worn)
Jewellery
 o - a +6 ring of strength (left hand)
 A - a ring of flight
 B - an amulet of guardian spirit (around neck)
 F - an amulet of the acrobat
 J - a +4 ring of protection (right hand)
 M - a ring of fire
Wands
 d - a wand of charming (6)
 q - a wand of iceblast (3)
 E - a wand of polymorph (12)
 K - a wand of paralysis (8)
Scrolls
 c - a scroll of summoning {unknown}
 f - 3 scrolls of enchant weapon {unknown}
 g - 2 scrolls of holy word {unknown}
 i - 3 scrolls of enchant armour {unknown}
 s - 4 scrolls of teleportation
 t - a scroll of fear {unknown}
 u - a scroll of silence {unknown}
 w - a scroll of magic mapping {unknown}
 I - 2 scrolls of fog {unknown}
 N - a scroll of identify
Potions
 j - 2 potions of might {unknown}
 k - 2 potions of curing
 l - 3 potions of lignification
 m - 5 potions of haste {unknown}
 n - 4 potions of degeneration {unknown}
 v - 2 potions of flight {unknown}
 x - a potion of berserk rage {unknown}
 z - 4 potions of cancellation
 G - 4 potions of heal wounds
 H - 3 potions of brilliance
 L - 2 potions of magic
Miscellaneous
 e - a piece from Xom's chessboard (15/15)


   Skills:
 - Level 6.9 Fighting
 - Level 6.9 Short Blades
 - Level 8.7 Maces & Flails
 - Level 2.0 Armour
 - Level 7.3 Dodging
 - Level 1.0 Stealth
 * Level 6.9 Spellcasting
 * Level 3.3 Hexes
 + Level 5.6 Evocations


You had 17 spell levels left.
You knew the following spells:

 Your Spells              Type           Power      Damage    Failure   Level
a - Teleport Other        Tloc           7%         N/A       26%         3
b - Tukima's Dance        Hex            21%        N/A       7%          3

Your spell library contained the following spells:

 Spells                   Type           Power      Damage    Failure   Level
 Confusing Touch          Hex            21%        N/A       7%          3
 Sting                    Tmut/Pois      28%        1d4       9%          1
 Poisonous Vapours        Pois/Air       14%        N/A       14%         2
 Gell's Gravitas          Tloc           7%         N/A       26%         3
 Lesser Beckoning         Tloc           7%         N/A       26%         3
 Anguish                  Hex/Necr       7%         N/A       41%         4
 Fulminant Prism          Conj/Hex       7%         3d7       41%         4
 Iskenderun's Mystic Bla  Conj/Tloc      7%         2d4       65%         4
 Olgreb's Toxic Radiance  Pois           7%         N/A       65%         4
 Passage of Golubria      Tloc           7%         N/A       65%         4
 Silence                  Hex/Air        7%         N/A       77%         5
 Yara's Violent Unravell  Hex/Tmut       7%         3d5       77%         5
 Fireball                 Conj/Fire      3%         3d4       94%         5
 Iskenderun's Battlesphe  Conj           7%         2d6       94%         5
 Lee's Rapid Deconstruct  Erth           3%         3d6*      94%         5
 Conjure Ball Lightning   Conj/Air       3%         3x3d6     100%        6
 Dispersal                Tloc           3%         N/A       100%        6
 Enfeeble                 Hex            10%        N/A       100%        7
 Orb of Destruction       Conj           3%         9d5       100%        7
 Lehudib's Crystal Spear  Conj/Erth      3%         10d3      100%        8


Dungeon Overview and Level Annotations

Branches:
Dungeon (11/15)            Temple (1/1) D:5            Lair (0/6) D:10
 Bailey (visited)           IceCv (1/1)
    Orc: D:9-12

Altars:
Ashenzari
Dithmenos
Fedhas
Gozag
Makhleb
Qazlal
Ru
Vehumet
Wu Jian
The Shining One

Shops:
D:10 =

Portals:
Gauntlet: D:11

Annotations:
D:9 2 transporters
D:10 2 runed translucent doors, exclusion: door, Faeu's ghost, novice MiBe


Message History

The demonic crawler simulacrum hits you but does no damage.
The demonic crawler simulacrum misses you.
The demonic crawler simulacrum barely misses you.
You sock the demonic crawler simulacrum!
The demonic crawler simulacrum is severely damaged.
The demonic crawler simulacrum barely misses you. x2
The demonic crawler simulacrum misses you.
You thump the demonic crawler simulacrum!
The demonic crawler simulacrum is almost destroyed.
The entropy weaver simulacrum hits you.
The entropy weaver simulacrum freezes you!!
The entropy weaver simulacrum hits you but does no damage.
The entropy weaver simulacrum barely misses you.
The entropy weaver simulacrum misses you.
The demonic crawler simulacrum hits you but does no damage.
The demonic crawler simulacrum barely misses you.
The demonic crawler simulacrum hits you but does no damage.
You hit the demonic crawler simulacrum.
The demonic crawler simulacrum vaporises!
The entropy weaver simulacrum misses you.
The entropy weaver simulacrum hits you but does no damage. x2
The entropy weaver simulacrum completely misses you.
You sock the entropy weaver simulacrum!
The entropy weaver simulacrum is heavily damaged.
The entropy weaver simulacrum closely misses you.
The entropy weaver simulacrum hits you.
The entropy weaver simulacrum freezes you!!
The entropy weaver simulacrum hits you.
* * * LOW HITPOINT WARNING * * *
The entropy weaver simulacrum freezes you!!
* * * LOW HITPOINT WARNING * * *
The entropy weaver simulacrum hits you but does no damage.
You hit the entropy weaver simulacrum.
The entropy weaver simulacrum is heavily damaged.
The entropy weaver simulacrum hits you but does no damage. x3
The entropy weaver simulacrum hits you.
* * * LOW HITPOINT WARNING * * *
The entropy weaver simulacrum freezes you!!!
You die...
Your body crumbles into a pile of gold.

$ # ###
.# ##.##
.#
#..Z##..#
#∩@°....#
#...##..#
##.## ###


You could see an entropy weaver simulacrum.

Vanquished Creatures
  2 vault guards (Bailey)
  A two-headed ogre (D:10)
  Pikel (D:8)
  A hornet (D:10)
  Prince Ribbit (D:5)
  A troll (D:10)
  A polar bear (D:11)
  A blink frog (Bailey)
  A wraith (D:9)
  Sigmund (D:4)
  2 wyverns
  3 yaks (D:9)
  4 humans (Bailey)
  Menkaure (D:4)
  A demonic crawler simulacrum (IceCv)
  2 acid dragons (D:10)
  A water moccasin (D:7)
  A sky beast (D:8)
  2 ice beasts
  2 orc warriors
  A hornet zombie (D:7)
  2 ogres
  3 black bears
  9 centaurs
  2 necrophages
  A kobold brigand (D:8)
  3 lemures (D:8)
  9 bullfrogs (Bailey)
  A gnoll sergeant (D:9)
  4 scorpions
  3 centaur zombies
  A jelly (D:5)
  2 orc priests
  5 hounds
  A bullfrog skeleton (D:6)
  3 iguanas
  5 orc wizards
  A killer bee zombie (D:6)
  A hound skeleton (D:4)
  2 howler monkey zombies (D:9)
  4 gnolls (D:4)
  4 adders
  A shadow imp (D:5)
  2 white imps (D:11)
  An ufetubus (D:5)
  3 dart slugs
  17 orcs
  9 bats
  5 endoplasms
  2 giant cockroaches (D:1)
  13 goblins
  13 hobgoblins
  4 jackals (D:1)
  3 quokkas
  2 ball pythons
  6 frilled lizards
  10 kobolds
  4 rats (D:1)
  A toadstool (D:1)
193 creatures vanquished.

Vanquished Creatures (collateral kills)
  A two-headed ogre (D:9)
  A troll (D:9)
  A centaur (D:11)
  3 gnolls (D:9)
  2 orcs (D:9)
8 creatures vanquished.

Vanquished Creatures (others)
  An ugly thing (D:9)
  A gargoyle (D:11)
  3 toadstools (D:1)
  2 withered plants (D:1)
7 creatures vanquished.

Grand Total: 208 creatures vanquished

Notes
Turn   | Place    | Note
-------+----------+-------------------------------------------
     0 | D:1      | H0rd4k the Human Artificer began the quest for the Orb.
     0 | D:1      | Reached XP level 1. HP: 15/15 MP: 1/1
   137 | D:1      | Reached XP level 2. HP: 11/21 MP: 2/2
  1085 | D:1      | Reached XP level 3. HP: 18/26 MP: 3/3
  1639 | D:1      | Found a faded altar of an unknown god.
  1883 | D:2      | Reached skill level 1 in Maces & Flails
  2488 | D:2      | Reached XP level 4. HP: 32/32 MP: 4/4
  2891 | D:3      | Found the +4 robe of Augmentation {Str+4 Int+4 Dex+4}
  3245 | D:3      | Noticed a scorpion
  3256 | D:3      | Killed a scorpion
  3257 | D:3      | Reached skill level 1 in Short Blades
  3257 | D:3      | Reached skill level 2 in Maces & Flails
  3257 | D:3      | Reached XP level 5. HP: 38/38 MP: 5/5
  3536 | D:4      | Noticed Menkaure
  3538 | D:4      | Killed Menkaure
  3539 | D:4      | Reached skill level 3 in Maces & Flails
  3539 | D:4      | Reached XP level 6. HP: 45/45 MP: 6/6
  3671 | D:4      | Reached XP level 7. HP: 26/51 MP: 7/7
  4569 | D:4      | Noticed Sigmund
  4875 | D:5      | Entered Level 5 of the Dungeon
  4940 | D:5      | Reached XP level 8. HP: 46/58 MP: 8/8
  5271 | D:5      | Reached skill level 1 in Spellcasting
  5307 | D:5      | Noticed Prince Ribbit
  5326 | D:5      | Killed Prince Ribbit
  5327 | D:5      | Reached skill level 5 in Short Blades
  5336 | D:5      | Identified the +1 robe of Iczago {Will+}
  5448 | D:5      | Found a radiant altar of Vehumet.
  5705 | D:5      | Found a staircase to the Ecumenical Temple.
  5825 | Temple   | Entered the Ecumenical Temple
  5831 | Temple   | Became a worshipper of Gozag Ym Sagoz the Greedy
  6082 | D:6      | Reached XP level 9. HP: 38/65 MP: 6/12
  6864 | D:6      | Reached skill level 5 in Dodging
  7348 | D:7      | Identified the +6 flail of a Thousand Knaves {protect, rF++
                  | Dex+2}
  7915 | D:7      | Reached skill level 5 in Fighting
  8337 | D:7      | Found a broken altar of Ashenzari.
  8529 | D:8      | Found a shadowy altar of Dithmenos.
  8922 | D:8      | Reached skill level 4 in Maces & Flails
  9104 | D:8      | Noticed Pikel
  9118 | D:8      | Killed Pikel
  9119 | D:8      | Reached skill level 5 in Maces & Flails
  9119 | D:8      | Reached XP level 10. HP: 57/74 MP: 13/16
  9335 | D:8      | Found a blossoming altar of Fedhas.
  9358 | D:8      | Found an ornate altar of the Wu Jian Council.
  9678 | D:9      | Noticed a wolf spider
  9697 | D:9      | Noticed a brown ugly thing
  9709 | D:9      | Noticed a two-headed ogre
  9713 | D:9      | Killed a two-headed ogre
  9714 | D:9      | Reached skill level 6 in Maces & Flails
  9832 | D:9      | Found a stormy altar of Qazlal.
  9869 | D:9      | Found a flagged portal.
  9878 | Bailey   | Entered a bailey
 10083 | Bailey   | Reached skill level 7 in Maces & Flails
 10089 | Bailey   | Reached skill level 5 in Spellcasting
 10307 | Bailey   | Noticed a vault guard
 10314 | Bailey   | Noticed a vault guard
 10353 | Bailey   | Killed a vault guard
 10354 | Bailey   | Reached XP level 11. HP: 22/83 MP: 6/19
 10425 | Bailey   | Killed a vault guard
 10426 | Bailey   | Reached skill level 8 in Maces & Flails
 10502 | Bailey   | Reached skill level 5 in Evocations
 11051 | D:9      | Found a transporter.
 11051 | D:9      | Noticed a centaur warrior
 11052 | D:9      | Found a transporter.
 11053 | D:9      | Found a sacrificial altar of Ru.
 11053 | D:9      | Noticed a cyan ugly thing
 11084 | D:9      | Found a glowing golden altar of the Shining One.
 11545 | D:10     | Entered Level 10 of the Dungeon
 11570 | D:10     | Learned a level 3 spell: Teleport Other
 11574 | D:10     | Learned a level 3 spell: Tukima's Dance
 11607 | D:10     | Found a runed translucent door.
 11607 | D:10     | Found a burning altar of Makhleb.
 11607 | D:10     | Noticed a sixfirhy
 11676 | D:10     | Reached skill level 1 in Hexes
 11820 | D:10     | Found Yviubiuz's Jewellery Emporium.
 11833 | D:10     | Found a runed translucent door.
 11842 | D:10     | Noticed Faeu's ghost (novice MiBe)
 11856 | D:10     | Noticed a two-headed ogre
 11863 | D:10     | Killed a two-headed ogre
 11897 | D:10     | Paralysed by a hornet for 2 turns
 12139 | D:10     | Found a staircase to the Lair.
 12476 | D:4      | Killed Sigmund
 12815 | D:11     | Noticed a death knight
 12823 | D:11     | Noticed a manticore
 12824 | D:11     | Found a gate leading to a gauntlet.
 12827 | D:11     | Found a frozen archway.
 12837 | IceCv    | Entered an ice cave
 12848 | IceCv    | Annihilated by an entropy weaver simulacrum

Illustrated notes

Levels and vault maps discovered:
D:1:      ldierk_water_garden, layout_loops_corners,
          ebering_ecumenical_altar_petrified, minmay_quantized
D:2:      layout_basic, minmay_split_cup_small
D:3:      layout_loops_cross
D:4:      layout_loops_corners, hangedman_decor_opposing, uniq_menkaure,
          uniq_sigmund
D:5:      layout_loops_ring, lemuel_tele_altar,
          minmay_temple_entry_antechambers, uniq_prince_ribbit1
D:6:      kennysheep_spiral_hall, layout_loops_corners
D:7:      layout_basic, kennysheep_mini
D:8:      layout_basic, mainiacjoe_overflow_surrounded_room,
          nicolae_wu_jian_glorious_leap, nicolae_dithmenos_the_darkroom,
          uniq_pikel
D:9:      layout_cave_pools, grunt_qazlal_clouds,
          gammafunk_temple_overflow_arena, nicolae_tso_carved_into_rock,
          enter_bailey_5
D:10:     layout_roguey, nzn_makhleb_speed_demon, lair_entry_dummy,
          serial_shops, nicolae_shop_hallway_stairs,
          ebering_ghost_reflecting_pool
D:11:     minmay_inside_and_out, layout_basic, orc_david_3, serial_ice,
          serial_ice_l, serial_ice_e, serial_ice_d, serial_ice_h,
          portal_ice_cave_entry_pillars_1, gauntlet_entry_generic
Temple:   dshaligram_water_room_temple
IceCv:    ice_cave_hellmonk_azure_passage

Skill      XL: |  1  2  3  4  5  6  7  8  9 10 11 |
---------------+----------------------------------+-----
Maces & Flails | 1 2 3 5 7 8 |  8.7
Fighting       | 2 3 4 5 6 |  6.9
Short Blades   | 1 2 4 5 6 |  6.9
Dodging        | 2 3 4 5 6 7 |  7.3
Evocations     | 4 5 |  5.6
Spellcasting   | 2 4 5 6 |  6.9
Hexes          | 3 |  3.3
Armour         | |  2.0
Stealth        | |  1.0

Action                   |  1- 3 |  4- 6 |  7- 9 | 10-12 || total
-------------------------+-------+-------+-------+-------++-------
Melee: Club              |   200 |     4 |       |       ||   204
       Punch             |     3 |     2 |     6 |     3 ||    14
       Short sword       |       |    71 |   195 |       ||   266
       Flail             |       |       |    76 |   269 ||   345
Evoke: Wand              |       |     4 |     7 |    19 ||    30
       Piece from Xom's  |       |       |       |     1 ||     1
  Use: Scroll            |       |       |       |     6 ||     6
       Potion            |       |       |       |     1 ||     1
 Stab: Sleeping          |     1 |     5 |     4 |     3 ||    13
       Distracted        |       |     1 |       |     4 ||     5
       Paralysed         |       |       |       |     4 ||     4
Armor: Leather armour    |    81 |     7 |       |       ||    88
       Robe              |       |    21 |    91 |   127 ||   239
Dodge: Dodged            |   142 |    37 |   162 |   267 ||   608
       Repelled          |       |       |       |     3 ||     3
